 Dungeon Crawl Stone Soup version 0.31.0-12-g77e489cdc1 (webtiles) character file.

Game seed: 13744507083391515599

93 PaiMei the Digger (level 4, -6/24 HPs)
             Began as a Gargoyle Earth Elementalist on Feb 27, 2024.
             Killed from afar by an orc wizard (8 damage)
             ... with a magic dart
             ... on level 3 of the Dungeon.
             The game lasted 00:04:19 (2601 turns).

PaiMei the Digger (Gargoyle Earth Elementalist)     Turns: 2601, Time: 00:04:19

Health: -6/24      AC:  9    Str: 12    XL:     4   Next: 61%
Magic:  5/7        EV: 12    Int: 17    God:
Gold:   93         SH:  0    Dex: 10    Spells: 7/8 levels left

rFire   . . .        f - +0 short sword
rCold   . . .        (no shield)
rNeg    + . .        a - +0 robe
rPois   ∞            (no helmet)
rElec   +            d - +2 cloak
rCorr   .            (no gloves)
SInv    .            v - +0 pair of boots
Will    .....        (no amulet)
Stlth   +            (no ring)
HPRegen 0.24/turn    (no ring)
MPRegen 0.10/turn

%: no passive effects
@: confused
A: sickness immunity, AC +3, negative energy resistance 1, electricity
resistance, torment resistance 1, petrification resistance
a: no special abilities


You were on level 3 of the Dungeon.
You visited 1 branch of the dungeon, and saw 3 of its levels.

You collected 126 gold pieces.
You spent 33 gold pieces at shops.

Inventory:

Hand Weapons
 f - a +0 short sword (weapon)
Missiles
 c - 33 stones
 o - 4 poisoned darts (quivered)
Armour
 a - a +0 robe (worn)
 d - a +2 cloak (worn)
 v - a +0 pair of boots (worn)
Jewellery
 q - an amulet of faith
Scrolls
 e - 2 scrolls of enchant armour {unknown}
 h - 3 scrolls of enchant weapon {unknown}
 i - a scroll of blinking {unknown}
 j - a scroll of brand weapon {unknown}
 l - a scroll of fear {unknown}
 m - a scroll of teleportation
 n - 2 scrolls of identify {unknown}
 r - a scroll of amnesia {unknown}
 t - a scroll of immolation {unknown}
Potions
 b - a potion of magic
 g - a potion of resistance {unknown}
 k - a potion of degeneration {unknown}
 p - a potion of lignification {unknown}
 s - a potion of mutation {unknown}
 u - a potion of might {unknown}


   Skills:
 + Level 2.2 Dodging
 + Level 3.1 Stealth
 + Level 2.6 Spellcasting
 + Level 2.2 Conjurations
 + Level 4.2 Earth Magic


You had 7 spell levels left.
You knew the following spells:

 Your Spells              Type           Power      Damage    Failure   Level
a - Sandblast             Erth           32%        2d9       3%          1

Your spell library contained the following spells:

 Spells                   Type           Power      Damage    Failure   Level
 Passwall                 Erth           16%        N/A       10%         3
 Stone Arrow              Conj/Erth      26%        3d8       14%         3
 Brom's Barrelling Bould  Conj/Erth      13%        2d4       43%         4
 Summon Ice Beast         Ice/Summ       2%         N/A       50%         3
 Petrify                  Alch/Erth      9%         N/A       58%         4
 Summon Mana Viper        Hex/Summ       2%         N/A       99%         5
 Monstrous Menagerie      Summ           1%         N/A       100%        7


Dungeon Overview and Level Annotations

Branches:
Dungeon (3/15)

Altars:

Shops:
D:1 (*[=?


Innate Abilities, Weirdness & Mutations

You are immune to sickness and miasma.
Your stone body is resilient. (AC +3)
You are immune to poison.
You resist negative energy. (rN+)
You are resistant to electric shocks. (rElec)
You are resistant to unholy torment.
You are immune to petrification.


Message History

Something barely misses you.
You miss something. Something hits you.
Casting: Sandblast (safe; 3% risk of failure)
Confirm with . or Enter, or press ? or * to list all spells.
You can't see any susceptible monsters within range! (Use Z to cast anyway.)
You closely miss something.
You hear some strange, mumbled words.
A puff of flame appears from out of thin air!
The puff of flame hits you!
* * * LOW HITPOINT WARNING * * *
Casting: Sandblast (safe; 3% risk of failure)
Confirm with . or Enter, or press ? or * to list all spells.
You can't see any susceptible monsters within range! (Use Z to cast anyway.)
Casting: Sandblast (safe; 3% risk of failure)
Confirm with . or Enter, or press ? or * to list all spells.
Aiming: Sandblast (safe; 3% risk of failure)
Press: ? - help, Shift-Dir - straight line Something hits you.
* * * LOW HITPOINT WARNING * * *
Casting: Sandblast (safe; 3% risk of failure)
Confirm with . or Enter, or press ? or * to list all spells.
Aiming: Sandblast (safe; 3% risk of failure)
Press: ? - help, Shift-Dir - straight line Something hits you but does no damage.
You hear some strange, mumbled words.
You are confused.
You're too confused to cast spells.
Unknown command.
Unknown command.
Unknown command.
You bump into the rock wall.
Something hits you.
* * * LOW HITPOINT WARNING * * *
You bump into the rock wall.
Something hits you.
* * * LOW HITPOINT WARNING * * *
You bump into the rock wall.
Something hits you but does no damage.
You bump into the rock wall.
You hear some strange, mumbled words.
A magic dart appears from out of thin air!
The magic dart hits you!
You die...

#...######## #
########.## .#
#.........#
..##.######..#
......#
#..#######.#..
..###.#
#.............
.# #.#
#..###$###.##
.# #.### ##.#
#{# ## ##...##
#.# #@#
#.....# #.#
#.# #.....#
#.# #.#
#.....# #†#
#.#
##...####.#
#.#
#####........#
#.#
.......#######
#.# ####...#
#.# #...#


There were no monsters in sight!

Vanquished Creatures
  A sleepcap (D:3)
  An adder (D:2)
  2 dart slugs (D:2)
  A ribbon worm (D:3)
  2 orcs (D:3)
  4 endoplasms
  A giant cockroach (D:1)
  3 goblins
  7 hobgoblins
  4 jackals (D:1)
  A quokka (D:1)
  3 ball pythons (D:1)
  5 bats
  2 frilled lizards (D:1)
  5 kobolds
  4 rats (D:1)
46 creatures vanquished.

Notes
Turn   | Place    | Note
-------+----------+-------------------------------------------
     0 | D:1      | PaiMei the Gargoyle Earth Elementalist began the quest for
                  | the Orb.
     0 | D:1      | Reached XP level 1. HP: 10/10 MP: 3/3
    13 | D:1      | Found Jesch's Armour Emporium.
   221 | D:1      | Reached XP level 2. HP: 14/15 MP: 5/5
   255 | D:1      | Found Wicif's Weapon Boutique.
   488 | D:1      | Found Tiamieg's Jewellery Boutique.
   561 | D:1      | Reached XP level 3. HP: 19/19 MP: 6/6
   718 | D:1      | Found Burghisye's Magic Scroll Emporium.
   722 | D:1      | Bought a scroll of teleportation for 33 gold pieces
   839 | D:1      | Found Onteng's Assorted Antiques.
   910 | D:1      | Reached skill level 4 in Earth Magic
  1876 | D:3      | Reached XP level 4. HP: 23/24 MP: 7/7
  2599 | D:3      | HP: 1/24 [something (1)]
  2601 | D:3      | Killed from afar by an orc wizard

Illustrated notes

Levels and vault maps discovered:
D:1:      scummos_arrival_forest, layout_basic, serial_shops,
          nicolae_shop_back_alley_shop, nicolae_shop_bloodbath_and_beyond, shop,
          nicolae_shop_peninsula, shop, minmay_surrounded
D:2:      layout_basic, dk_noncrumbling_3, minmay_strange_pillars
D:3:      layout_loops_ring, yredelemnul_forgotten_temple_becter, zin_angel,
          serial_shops, nicolae_shop_tiny_real_fake_doors

Skill      XL: |  1  2  3  4 |
---------------+-------------+-----
Earth Magic    | 4 |  4.2
Dodging        | 2 |  2.2
Conjurations   | 2 |  2.2
Stealth        | 3 |  3.1
Spellcasting   | |  2.6

Action                     |  1- 3 |  4- 6 || total
---------------------------+-------+-------++-------
  Melee: Unarmed           |    18 |       ||    18
         Short sword       |   142 |    81 ||   223
         Punch             |       |     1 ||     1
   Cast: Sandblast         |    10 |     9 ||    19
   Stab: Sleeping          |     2 |     2 ||     4
 Armour: Robe              |   101 |    48 ||   149
  Dodge: Dodged            |   117 |    39 ||   156
